Map: Ephemeron LE

Players

PtitDrogo

  • Race: Protoss Protoss
  • League: Grandmaster
  • Spawn Location: 5:00

Kelazhur - Winner!

  • Race: Terran Terran
  • League: Master
  • Spawn Location: 11:00

Event: HomeStory Cup XX

VOD

Have the link to the VOD?

Description

Time

  • Played on: Nov. 22, 2019, 2:07 p.m.
  • Length: 10:03

All games in this series

Show
View Real Time Build Order
Export as new Build Order

PtitDrogo Protoss 

Build Orders: 1 Gate Expand, Colossus Rush 

Get SALT Encoding   

  12  0:00  Probe  
  13  0:12  Probe  
  14  0:17  Pylon  
  14  0:24  Probe  
  15  0:32  Probe  
  15  0:35  Gateway  
  15  0:40  Probe  
  16  0:46  Assimilator  
  17  0:51  Probe  
  18  1:03  Probe  
  19  1:15  Probe  
  20  1:21  Cybernetics Core  
  20  1:32  Nexus  
  20  1:40  Pylon  
  20  1:43  Probe  
  21  1:48  Stalker  
  21  1:49  Assimilator  
  21  1:55  Probe  
  24  2:04  Warp Gate  
  24  2:07  Probe  
  25  2:08  Stalker  
  27  2:26  Probe  
  28  2:37  Robotics Facility  
  28  2:38  Probe  
  28  2:40  Probe  
  30  2:48  Probe  
  30  2:50  Probe  
  31  2:58  Probe  
  32  3:02  Probe  
  36  3:05  Sentry  
  36  3:07  Probe  
  37  3:14  Probe  
  37  3:15  Probe, Gateway  
  37  3:17  Gateway  
  39  3:24  Probe  
  39  3:25  Observer  
  39  3:27  Pylon, Probe  
  42  3:36  Probe  
  42  3:39  Probe  
  44  3:45  Assimilator  
  44  3:46  Probe  
  44  3:47  Assimilator  
  44  3:49  Robotics Bay  
  44  3:51  Observer, Probe  
  44  3:54  Probe  
  47  3:58  Pylon  
  48  4:03  Probe x2  
  48  4:09  Nexus  
  50  4:13  Pylon  
  50  4:15  Observer, Probe  
  52  4:19  Stalker  
  54  4:24  Stalker  
  54  4:29  Probe  
  54  4:30  Stalker  
  59  4:33  Probe  
  60  4:42  Colossus  
  60  4:45  Probe  
  67  4:52  Stalker  
  69  4:53  Probe  
  66  5:00  Probe  
  66  5:05  Stalker  
  69  5:13  Probe  
  70  5:20  Probe  
  71  5:24  Probe  
  71  5:25  Probe  
  71  5:27  Twilight Council  
  73  5:29  Probe  
  73  5:30  Forge  
  73  5:32  Probe  
  73  5:33  Probe  
  74  5:38  Probe  
  74  5:40  Probe  
  74  5:41  Probe  
  74  5:42  Extended Thermal Lance  
  76  5:47  Probe  
  78  5:51  Probe  
  78  5:52  Probe  
  78  5:53  Protoss Ground Weapons Level 1  
  78  5:54  Blink  
  81  5:59  Pylon, Probe  
  81  6:01  Colossus  
  81  6:03  Pylon, Probe  
  83  6:04  Probe  
  83  6:08  Pylon  
  84  6:11  Probe  
  84  6:17  Probe x2  
  93  6:20  Observer  
  93  6:21  Assimilator x2, Sentry  
  93  6:23  Probe  
  96  6:26  Shield Battery, Sentry, Photon Cannon  
  96  6:29  Probe x2  
  100  6:36  Stalker  
  100  6:38  Probe  
  101  6:41  Probe x2  
  103  6:50  Colossus  
  103  6:51  Pylon, Gateway  
  103  6:53  Gateway  
  103  6:57  Observer  
  109  7:03  Observer  
  109  7:05  Pylon  
  109  7:10  Probe  
  109  7:11  Photon Cannon  
  109  7:14  Stalker x3  
  116  7:17  Pylon  
  116  7:29  Probe  
  116  7:30  Observer  
  116  7:31  Pylon  
  116  7:34  Gateway  
  116  7:35  Warp Prism, Gateway x2  
  116  7:40  Forge, Probe  
  116  7:41  Shield Battery  
  117  7:48  Templar Archives  
  119  8:01  Nexus  
  119  8:02  Pylon  
  119  8:03  Charge  
  119  8:06  Probe  
  119  8:07  Immortal  
  119  8:10  Stalker  
  119  8:11  Stalker x4  
  128  8:34  Zealot x5  
  129  8:46  Probe x3  
  130  8:58  Probe x3  
  130  9:00  Disruptor  
  130  9:02  High Templar x3  
  142  9:04  Pylon  
  142  9:05  High Templar x2  
  144  9:10  Probe  
  144  9:15  Archon  
  144  9:16  Archon  
  145  9:21  Stalker x3  
  105  9:36  Zealot x3  
  105  9:37  Zealot x2  
  104  9:44  Zealot x3  
  84  9:56  Stalker  
  84  9:57  Stalker x2, Zealot x2  
Show
View Real Time Build Order
Export as new Build Order

Kelazhur Terran - Winner!

Build Orders: Reaper Expand 

Get SALT Encoding   

  12  0:00  SCV  
  13  0:12  SCV  
  14  0:17  Supply Depot  
  14  0:24  SCV  
  15  0:38  SCV  
  15  0:40  Barracks  
  16  0:43  Refinery  
  16  0:50  SCV  
  17  1:02  SCV  
  18  1:14  SCV  
  19  1:27  Orbital Command, Reaper  
  20  1:43  Command Center  
  20  1:52  Supply Depot  
  20  1:53  SCV  
  21  1:58  Marine  
  22  2:05  Factory  
  22  2:08  SCV  
  23  2:14  Bunker  
  23  2:20  SCV, Barracks Reactor  
  24  2:24  Refinery  
  24  2:32  SCV  
  25  2:44  SCV  
  26  2:55  Orbital Command  
  26  2:56  Marine x2, SCV  
  30  2:59  Starport  
  28  3:08  SCV  
  28  3:09  Widow Mine  
  31  3:14  Marine x2  
  33  3:20  SCV  
  33  3:22  SCV  
  33  3:24  Supply Depot  
  35  3:31  Widow Mine  
  35  3:32  Marine x2, SCV  
  40  3:34  SCV  
  40  3:35  Medivac  
  43  3:45  SCV  
  43  3:46  SCV  
  45  3:50  Marine x2  
  45  3:54  Factory Tech Lab  
  47  3:57  SCV  
  47  3:58  SCV  
  49  4:08  Marine x2  
  52  4:10  Command Center  
  52  4:12  SCV  
  53  4:18  Supply Depot, Raven  
  54  4:26  Supply Depot  
  54  4:27  Barracks  
  54  4:30  Marine x2, SCV x2  
  58  4:33  Barracks  
  58  4:37  Factory Tech Lab  
  58  4:42  SCV x2  
  60  4:45  Engineering Bay  
  60  4:48  Refinery  
  60  4:50  Marine x2  
  62  4:55  SCV x2  
  64  5:07  SCV x2  
  64  5:11  Refinery  
  64  5:12  Marine x2  
  66  5:14  Terran Infantry Weapons Level 1  
  66  5:15  Starport Reactor, Factory Reactor  
  66  5:19  SCV x2  
  68  5:24  Marauder, Stimpack  
  68  5:25  Orbital Command  
  68  5:31  Supply Depot, SCV x2  
  68  5:33  Marine  
  68  5:35  Combat Shield  
  71  5:40  Marauder  
  71  5:41  Marine  
  74  5:48  SCV x2  
  74  5:49  Marauder  
  78  5:53  Medivac x2  
  78  5:56  Widow Mine x2  
  86  6:00  Marine x2  
  86  6:02  Orbital Command  
  88  6:05  Barracks  
  88  6:07  Barracks  
  88  6:08  SCV x2  
  88  6:11  Marauder  
  92  6:12  Marauder  
  94  6:19  Marine  
  94  6:20  Marine, SCV x2  
  94  6:21  Supply Depot  
  94  6:24  Medivac  
  100  6:30  SCV  
  101  6:41  Armory  
  101  6:42  Marine x2, Medivac, Marauder x2  
  101  6:43  Engineering Bay  
  101  6:44  Supply Depot  
  109  6:53  Supply Depot  
  109  6:54  Concussive Shells  
  109  6:57  Barracks Tech Lab, Barracks Reactor  
  109  7:02  Starport  
  109  7:05  Refinery  
  109  7:06  Marine x2, SCV x3  
  114  7:10  Marauder  
  114  7:12  Supply Depot  
  114  7:15  Marauder, Supply Depot  
  118  7:18  SCV x3  
  118  7:19  Marauder  
  123  7:30  SCV  
  123  7:32  Marine  
  123  7:33  Marine, Viking x2  
  123  7:34  Marauder  
  123  7:35  Supply Depot  
  132  7:37  SCV x2  
  132  7:38  Supply Depot  
  132  7:39  Viking x2  
  132  7:42  SCV  
  139  7:45  Supply Depot  
  139  7:46  Terran Infantry Armor Level 1  
  139  7:50  Marine x2  
  141  7:51  Refinery  
  141  7:56  Marine x3  
  144  8:02  Marine, Marauder  
  147  8:08  Marine  
  147  8:09  Marine  
  147  8:10  Viking x4  
  157  8:14  Marine  
  157  8:15  Marauder  
  157  8:17  Supply Depot  
  160  8:20  Supply Depot  
  157  8:33  Marine, Marauder  
  157  8:34  Marauder, Marine, Liberator x2  
  152  8:45  Marine x2  
  152  8:46  Marauder  
  155  8:54  SCV x3  
  164  8:57  Marine  
  164  9:00  Marauder  
  164  9:02  Supply Depot  
  167  9:04  Marauder, Marine, Command Center  
  167  9:06  SCV  
  171  9:11  Marauder  
  171  9:16  Supply Depot  
  173  9:21  Marauder  
  152  9:25  Marauder  
  152  9:28  Marine  
  152  9:29  Marine x3  
  155  9:32  Marauder  
  145  9:46  SCV x2  
Tags
 
Add a new tag
Caveats
  • Supply blocks, unpowered buildings, or Contaminate may cause inaccurate times.
  • Supply counts are checked every 10 seconds.